AoeStats
← [Massa] Edo

Oasis

507188854Analyzed
2v2 RM · 14d ago on Sep 17, 2026· 46m 59s· 4 players
Game mode
Random Map
Map size
Medium (4 player)
Population
200
Speed
Normal
Resources
Standard
Victory
Conquest
Starting age
Dark Age
Ending age
Imperial Age
RankedLock teamsTeams togetherTeam positionsShared explorationLock speedFull tech treeHidden civsTurbo modeCheats
Victory
Defeat
🇧🇷 Magyars · Brazil
1492
+15
🇧🇷 Mongols · Brazil
1368
+19
🇧🇷 Celts · Brazil
1462
-17
🇲🇽 Vietnamese · Mexico
1451
-17
wiill
5:54 Loom
6:31 Loom
8:56 Feudal Age
9:34 Double-Bit Axe
9:36 Town Watch
15:26 Wheelbarrow
15:53 Horse Collar
21:52 Castle Age
20:50 Bloodlines
20:53 Gold Mining
22:19 Scale Barding Armor
22:36 Husbandry
22:59 Bow Saw
33:05 Chain Barding Armor
38:35 Imperial Age
36:33 Heavy Plow
39:33 Gold Shaft Mining
38:49 Stone Mining
39:13 Cavalier
40:42 Plate Barding Armor
41:10 Hand Cart
44:33 Paladin
46:49 Conscription
46:43 Scale Mail Armor
HateLamer
8:15 Feudal Age
6:49 Loom
8:45 Double-Bit Axe
16:11 Fletching
20:48 Castle Age
20:44 Padded Archer Armor
20:44 Gold Mining
20:34 Horse Collar
20:55 Crossbowman
21:46 Bow Saw
21:36 Bodkin Arrow
23:22 Wheelbarrow
27:05 Horse Collar
28:58 Leather Archer Armor
29:42 Ballistics
29:37 Stone Mining
32:35 Hand Cart
32:52 Thumb Ring
39:08 Imperial Age
37:48 Gold Shaft Mining
37:49 Stone Shaft Mining
38:32 Scale Barding Armor
39:50 Masonry
39:46 Heavy Plow
39:55 Bracer
40:57 Chemistry
39:28 Elite Mangudai
40:56 Conscription
41:10 Bloodlines
41:01 Husbandry
41:52 Parthian Tactics
42:26 Town Watch
45:29 Conscription
AZG021113
7:18 Loom
13:00 Feudal Age
19:00 Castle Age
19:04 Scale Barding Armor
31:19 Double-Bit Axe
31:16 Horse Collar
33:51 Heavy Plow
34:03 Bow Saw
36:13 Gold Mining
36:59 Wheelbarrow
36:10 Town Watch
40:27 Imperial Age
38:44 Chain Barding Armor
38:33 Husbandry
39:01 Bloodlines
39:29 Hand Cart
42:26 Chemistry
41:46 Ballistics
45:12 Plate Barding Armor
[Massa] Edo
6:19 Loom
9:19 Feudal Age
10:02 Double-Bit Axe
10:35 Man-at-Arms
13:04 Horse Collar
13:59 Horse Collar
16:37 Wheelbarrow
21:21 Castle Age
19:54 Gold Mining
22:39 Bow Saw
23:40 Heavy Plow
25:41 Heavy Plow
26:21 Gold Shaft Mining
27:54 Fervor
28:06 Sanctity
31:01 Ballistics
35:20 Imperial Age
36:54 Gambesons
39:20 Scale Mail Armor
39:04 Pikeman
42:23 Chain Mail Armor
42:44 Halberdier
44:20 Forging
45:05 Plate Mail Armor
44:23 Arson
44:30 Stone Mining
45:35 Conscription
45:55 Iron Casting
47:03 Stone Shaft Mining
47:30 Chemistry
Connection lost

Rejoining the realm…

Still unreachable

The connection could not be restored.

Session expired

The server has moved on; the page needs a fresh start.